 Dungeon Crawl Stone Soup version 0.27-a0-1565-gad902ab807 (webtiles) character file.

Game seed: 13461092719161546457

58 ezpacito the Skirmisher (level 3, 0/29 HPs)
             Began as a Demonspawn Abyssal Knight on July 17, 2021.
             Was a Follower of Lugonu.
             Slain by an orc (2 damage)
             ... on level 3 of the Dungeon.
             The game lasted 00:02:34 (2433 turns).

ezpacito the Skirmisher (Demonspawn Abyssal Knight) Turns: 2433, Time: 00:02:35

Health: 0/29       AC:  8    Str: 12    XL:     3   Next: 76%
Magic:  5/5        EV:  5    Int: 13    God:    Lugonu [*.....]
Gold:   125        SH:  0    Dex: 13    Spells: 4/4 levels left

rFire    . . .     SeeInvis .   a - +1 hand axe
rCold    . . .     Faith    .   (no shield)
rNeg     . . .     Spirit   .   f - +0 chain mail
rPois    .         Reflect  .   (no helmet)
rElec    .         Harm     .   (no cloak)
rCorr    .         Rampage  .   (no gloves)
Will     .....                  (no boots)
Stlth    ..........             (no amulet)
HPRegen  0.09/turn              (no ring)
MPRegen  0.09/turn              (no ring)

@: silenced
A: ignite blood 1
a: Renounce Religion


You were on level 3 of the Dungeon.
You worshipped Lugonu.
Lugonu was aware of your devotion.
You visited 1 branch of the dungeon, and saw 3 of its levels.
You visited the Abyss 1 time.

You collected 125 gold pieces.

Inventory:

Hand Weapons
 a - a +1 hand axe (weapon)
 i - a +1 whip of draining
Missiles
 d - 91 stones
 g - 4 boomerangs
Armour
 f - a +0 chain mail (worn)
 j - a +0 plate armour
Scrolls
 e - 2 scrolls of holy word
Potions
 b - 2 potions of lignification
 c - 2 potions of heal wounds
 h - a potion of flight


   Skills:
 + Level 3.3 Fighting
 + Level 2.2 Axes
 + Level 2.2 Armour
 + Level 1.4 Dodging
 + Level 1.1 Spellcasting
 + Level 3.0 Invocations


You had 4 spell levels left.
You didn't know any spells.
Your spell library contained the following spells:

 Spells                   Type           Power      Damage    Failure   Level
 Pain                     Necr           0%         1d4       100%        1
 Agony                    Necr           0%         N/A       100%        5
 Excruciating Wounds      Necr           0%         N/A       100%        5


Dungeon Overview and Level Annotations

Branches:
Dungeon (3/15)

Altars:
Ru


Innate Abilities, Weirdness & Mutations

Your demonic aura sometimes causes spilled blood to erupt in flames.


Message History

An orc is nearby!
An orc is nearby!
No reachable target in view!
An orc comes into view. It is wielding a +0 trident.
The orc shouts!
An orc comes into view. It is wielding a +0 mace.
An orc comes into view.
It is wielding a +0 flail and carrying a wand of mindburst (15).
An orc comes into view. It is wielding a +0 club.
The orc moves out of view.
The orc shouts!
No target in view!
Found a stone staircase leading up.
The orc shouts!
The orc hits you but does no damage.
You hit the orc.
The orc is moderately wounded.
The orc hits you but does no damage.
You closely miss the orc.
The orc is moderately wounded.
The orc hits you but does no damage.
You slash the orc!
You kill the orc!
Lugonu accepts your kill.
The orc zaps a wand.
Your mind is blasted!
You hit the orc.
The orc is almost dead.
The orc hits you but does no damage.
You hit the orc.
You kill the orc!
Lugonu accepts your kill.
The orc zaps a wand.
Your mind is blasted!
Ouch! That really hurt!
* * * LOW HITPOINT WARNING * * *
The giant cockroach barely misses you. The orc barely misses you.
Okay, then.
As you read the scroll of silence, it crumbles to dust.
A profound silence engulfs you.
The giant cockroach bites you but does no damage.
The orc hits you from afar with a +0 trident.
You die...

### #### ###### #.#.# #....#
...... #....# ..#...##....#
#.........<.### #...#.
#.....o@......########## #...#.
+....o)B....#...##...... #..#.
#.......................
#..#####.<.........#####.......
#..#..○.##.#.#.#.## #.......
#.##o..##.#.#.#.# #.......
#..###.## #.....# #.......
#...#### ##.#..# #.######
###.#### ......######..#


You could see 2 orcs and a giant cockroach.

Vanquished Creatures
  A gnoll (D:1)
  A worm (D:2)
  A dart slug (D:1)
  2 orcs (D:3)
  3 endoplasms (D:1)
  2 giant cockroaches (D:1)
  2 goblins (D:1)
  3 hobgoblins (D:2)
  7 jackals
  3 ball pythons
  5 bats
  2 frilled lizards (D:1)
  4 kobolds (D:1)
  3 rats
39 creatures vanquished.

Vanquished Creatures (others)
  2 starspawn tentacles (Abyss:1)
2 creatures vanquished.

Grand Total: 41 creatures vanquished

Notes
Turn   | Place    | Note
-------+----------+-------------------------------------------
     0 | Abyss:1  | ezpacito the Demonspawn Abyssal Knight began the quest for
                  | the Orb.
     0 | Abyss:1  | Reached XP level 1. HP: 18/18 MP: 2/2
    58 | Abyss:1  | Noticed a small abomination
    59 | Abyss:1  | Noticed a tentacled starspawn
    69 | Abyss:1  | Noticed a glowing orange brain
   170 | Abyss:2  | Noticed a cacodemon
   196 | Abyss:2  | Noticed a sixfirhy
   199 | D:1      | Escaped the Abyss
   249 | D:1      | Reached skill level 1 in Dodging
   253 | D:1      | Reached * piety under Lugonu
   464 | D:1      | Gained mutation: Your demonic aura sometimes causes spilled
                  | blood to erupt in flames. [demonic ancestry]
   464 | D:1      | Reached XP level 2. HP: 22/22 MP: 3/3
   542 | D:1      | Found a faded altar of an unknown god.
   997 | D:1      | Reached XP level 3. HP: 24/29 MP: 5/5
  1422 | D:2      | Found a sacrificial altar of Ru.
  1837 | D:2      | Reached skill level 1 in Spellcasting
  2433 | D:3      | Slain by an orc

Illustrated notes

Levels and vault maps discovered:
D:1:      minmay_arrival_floating_metal, layout_rooms,
          dreamdust_ecumenical_altar_sealed_demon, st_stairs_3
D:2:      layout_loops_ring, basic_altar
D:3:      layout_rooms, grunt_qazlal_clouds, nicolae_ashenzari_skybound

Skill      XL: |  1  2  3 |
---------------+----------+-----
Dodging        | 1 |  1.4
Axes           | 2 |  2.2
Armour         | 2 |  2.2
Spellcasting   | 1 |  1.1
Invocations    | 3 |  3.0
Fighting       | |  3.3

Action                   || total
-------------------------++-------
Melee: Hand axe          ||    95
Invok: Depart the Abyss  ||     1
  Use: Scroll            ||     5
       Potion            ||     2
Armor: Leather armour    ||     4
       Chain mail        ||   105
Dodge: Dodged            ||    38

Table legend: (Time is in decaauts)
 A = Elapsed time spent in this place.
 B = Non-inter-level travel time spent in this place.
 C = Inter-level travel time spent in this place.
 D = Time resting spent in this place.
 E = Time spent auto-exploring this place.
 F = Levels seen in this place.
 G = Mean time per level.
                   A        B        C        D        E       F      G
               +--------+--------+--------+--------+--------+-----+--------+
         Total |   2469 |   2457 |     12 |    425 |   1685 |   5 |  493.8 |
       Dungeon |   2266 |   2254 |     12 |    425 |   1526 |   3 |  755.3 |
         Abyss |    202 |    202 |      0 |      0 |    159 |   2 |  101.0 |
               +--------+--------+--------+--------+--------+-----+--------+

Top non-repeatable levels by time:
     D:1: 1221 daAuts
     D:2: 734 daAuts
     D:3: 309 daAuts
 Abyss:2: 131 daAuts
 Abyss:1: 71 daAuts
